Map: Tropical Sacrifice

Players

Riot - Winner!

  • Race: Terran Terran
  • League: Platinum
  • Spawn Location: 7:00

vlen

  • Race: Terran Terran
  • League: Bronze
  • Spawn Location: 1:00

VOD

Have the link to the VOD?

Description

Time

  • Played on: Aug. 21, 2022, 7:51 a.m.
  • Length: 11:26
Show
View Real Time Build Order
Export as new Build Order

Riot Terran - Winner!

Build Orders:  

Get SALT Encoding   

  12  0:00  SCV  
  13  0:12  SCV  
  14  0:19  Supply Depot  
  14  0:24  SCV  
  15  0:40  SCV  
  15  0:41  Barracks  
  16  0:45  Refinery  
  16  0:52  SCV  
  16  0:56  Refinery  
  17  1:04  SCV  
  18  1:16  SCV  
  19  1:28  Orbital Command  
  19  1:29  Reaper  
  20  1:33  Supply Depot  
  20  1:54  Factory  
  20  1:56  SCV  
  21  2:01  Reaper  
  23  2:08  SCV  
  23  2:20  SCV  
  24  2:32  Command Center  
  24  2:37  Reaper  
  24  2:39  Hellion  
  27  2:46  SCV  
  27  2:49  Supply Depot  
  28  2:58  SCV  
  29  3:03  Hellion  
  31  3:11  SCV  
  31  3:12  Barracks Reactor  
  32  3:21  Starport  
  32  3:23  SCV  
  32  3:26  Factory Tech Lab  
  33  3:35  SCV  
  33  3:47  SCV  
  34  3:52  Cyclone  
  34  3:53  Marine x2  
  34  3:55  Orbital Command  
  38  4:00  Starport Tech Lab  
  38  4:08  SCV  
  39  4:14  Refinery  
  39  4:18  Command Center  
  39  4:20  SCV  
  39  4:21  Supply Depot  
  39  4:23  SCV  
  44  4:31  Siege Tank  
  44  4:35  Marine x2  
  46  4:40  SCV x2  
  46  4:42  Raven  
  50  4:52  SCV  
  51  4:57  Barracks, SCV  
  52  5:02  Barracks, Marine  
  52  5:03  Marine  
  52  5:04  SCV  
  55  5:09  SCV  
  56  5:15  Supply Depot  
  56  5:16  SCV  
  57  5:22  SCV  
  58  5:28  SCV  
  58  5:35  Orbital Command  
  59  5:36  Siege Tank, Raven  
  59  5:37  Marine x2  
  59  5:38  SCV  
  67  5:46  SCV  
  67  5:47  Barracks Reactor  
  68  5:50  Barracks Reactor  
  68  5:53  Supply Depot  
  68  5:56  SCV  
  69  5:58  Marine, Engineering Bay  
  69  6:00  Refinery  
  69  6:01  Engineering Bay  
  69  6:02  SCV  
  69  6:03  Marine  
  72  6:11  SCV  
  72  6:12  SCV  
  72  6:13  Siege Tank  
  72  6:16  Marine  
  78  6:19  Orbital Command  
  78  6:29  Marine x2  
  80  6:41  Terran Infantry Weapons Level 1, Terran Infantry Armor Level 1, SCV x2  
  80  6:45  SCV  
  83  6:50  Siege Tank  
  83  6:51  Marine  
  83  6:52  Stimpack  
  83  6:53  SCV  
  88  6:58  Armory  
  88  7:00  SCV  
  89  7:01  Supply Depot x2  
  89  7:05  Refinery  
  89  7:06  SCV x2  
  89  7:07  Refinery  
  91  7:12  Marine, SCV  
  91  7:14  Supply Depot  
  93  7:18  Marine x3, SCV, Supply Depot  
  93  7:19  SCV  
  98  7:48  Orbital Command  
  98  7:50  SCV x2  
  98  7:51  Marine x3, SCV  
  102  7:52  Marauder  
  97  8:05  Marine  
  89  8:12  Marine  
  91  8:15  Terran Vehicle And Ship Armor Level 1  
  91  8:16  SCV  
  91  8:17  Marine, SCV  
  94  8:23  SCV  
  94  8:25  Marine x3  
  98  8:32  Combat Shield  
  97  8:37  Marine x2  
  97  8:38  Siege Tank, Medivac x2  
  104  8:52  Marine  
  104  8:53  Marine, SCV  
  104  8:54  SCV  
  106  8:59  Terran Infantry Weapons Level 2, Terran Infantry Armor Level 2  
  106  9:00  SCV, Command Center  
  106  9:02  Barracks  
  107  9:03  Marine x2  
  107  9:04  Marauder  
  107  9:05  Supply Depot x2  
  107  9:06  SCV  
  107  9:07  Barracks  
  112  9:18  Marine x2  
  112  9:19  Siege Tank, Viking  
  112  9:21  Marine  
  112  9:23  Command Center  
  120  9:25  Marauder  
  120  9:28  Medivac  
  120  9:30  Marine  
  125  9:31  SCV  
  125  9:35  Marine, SCV  
  125  9:36  Marine, SCV  
  125  9:37  Sensor Tower, Command Center  
  130  9:39  Marine  
  130  9:44  SCV  
  132  9:46  Marine  
  132  9:47  SCV  
  132  9:48  Marine  
  132  9:50  Barracks Reactor  
  135  9:53  Marine  
  135  9:54  Barracks Tech Lab  
  136  10:03  Supply Depot x2  
  136  10:05  Supply Depot  
  136  10:10  Medivac x2  
  136  10:11  Siege Tank  
  143  10:17  Orbital Command  
  143  10:23  SCV  
  143  10:27  Marine  
  143  10:28  Marine x3  
  148  10:29  Marauder x2  
  148  10:35  Fusion Core  
  152  10:37  Concussive Shells  
  152  10:39  Planetary Fortress  
  152  10:43  Refinery  
  152  10:44  Refinery  
Show
View Real Time Build Order
Export as new Build Order

vlen Terran 

Build Orders:  

Get SALT Encoding   

  12  0:00  SCV  
  13  0:12  SCV  
  14  0:17  Supply Depot  
  14  0:24  SCV  
  15  0:39  SCV  
  15  0:41  Barracks  
  16  0:47  Refinery  
  16  0:51  SCV  
  17  1:03  SCV  
  18  1:15  SCV  
  19  1:28  Orbital Command  
  19  1:29  Barracks Reactor  
  19  1:49  Supply Depot  
  19  2:00  Bunker  
  19  2:03  SCV  
  20  2:13  Marine x2  
  20  2:14  Command Center  
  22  2:19  SCV  
  22  2:40  Marine x2  
  22  2:42  SCV  
  25  2:46  Barracks  
  25  2:48  Barracks  
  25  3:00  SCV  
  23  3:14  Marine x2  
  25  3:23  SCV  
  26  3:35  Marine x2, SCV  
  26  3:36  Barracks Tech Lab  
  26  3:37  Barracks Tech Lab  
  28  3:52  SCV  
  28  3:53  Marine x2, SCV  
  32  4:01  Combat Shield, Stimpack  
  32  4:09  Marine x2  
  33  4:13  Marine x2  
  36  4:18  Factory  
  36  4:19  Refinery  
  36  4:20  SCV  
  37  4:32  SCV  
  37  4:35  Marine x3  
  37  4:36  Marine  
  42  4:39  Orbital Command  
  42  4:47  SCV  
  43  4:58  Marine x2  
  43  4:59  SCV  
  46  5:04  Supply Depot  
  46  5:05  Supply Depot  
  46  5:06  Starport, Factory Reactor  
  46  5:16  Supply Depot  
  46  5:25  Marine x3  
  46  5:26  Marine, SCV x2  
  52  5:41  SCV x2  
  54  5:52  Marine x2  
  54  5:53  Marine x2  
  54  5:54  Medivac  
  54  5:55  Factory Tech Lab  
  54  5:56  Medivac  
  62  6:03  Command Center  
  62  6:04  SCV x2  
  62  6:11  Supply Depot  
  64  6:12  Marine, Supply Depot  
  64  6:13  Marine x2  
  67  6:31  Engineering Bay  
  67  6:32  Engineering Bay  
  67  6:36  Armory  
  67  6:46  SCV x2  
  69  6:47  Marine x4  
  73  6:58  SCV x2  
  73  6:59  Siege Tank  
  78  7:05  Supply Depot  
  78  7:08  Supply Depot  
  78  7:10  SCV  
  79  7:17  SCV  
  70  7:50  SCV  
  70  7:51  SCV  
  71  7:54  Refinery x2  
  60  8:03  SCV x2  
  42  8:15  Marine x3  
  42  8:16  Siege Tank, Marine  
  49  8:33  Marine x2  
  47  8:50  Marine  
  47  8:51  Marine x2  
  50  8:57  Barracks  
  50  8:59  Barracks  
  50  9:04  Factory  
  50  9:05  SCV  
  50  9:06  SCV  
  50  9:07  Orbital Command  
  52  9:16  Marine x3  
  55  9:17  Marine  
  55  9:18  SCV x2  
  58  9:35  SCV x3  
  61  9:46  Barracks Reactor x2  
  61  9:47  SCV  
  61  9:50  Marine x2  
  61  9:52  Marine x2  
  64  9:54  Factory Tech Lab  
  66  10:09  Missile Turret  
  66  10:10  Missile Turret x2  
  66  10:13  Missile Turret  
  66  10:14  Missile Turret, SCV x3  
  66  10:15  Missile Turret, Marine x3  
  66  10:16  Marine  
  66  10:17  Siege Tank x2  
  66  10:19  Medivac  
  81  10:26  SCV x2  
  83  10:29  SCV  
  83  10:33  Command Center  
  84  10:38  SCV x2  
  84  10:41  Marine x8, SCV  
  95  10:47  Medivac  
  97  10:50  SCV x2  
  97  10:53  SCV  
  100  10:58  Marine  
  100  10:59  Marine x7  
Tags
 
Add a new tag
Caveats
  • Supply blocks, unpowered buildings, or Contaminate may cause inaccurate times.
  • Supply counts are checked every 10 seconds.